 Dungeon Crawl Stone Soup version 0.28-b1-25-g9875b3fc8c (webtiles) character file.

Game seed: 14277501662705401780

6 sanka the Magician (level 1, -3/11 HPs)
             Began as a Deep Elf Transmuter on Feb 7, 2022.
             Slain by a kobold (4 damage)
             ... on level 1 of the Dungeon.
             The game lasted 00:00:41 (154 turns).

sanka the Magician (Deep Elf Transmuter)             Turns: 154, Time: 00:00:42

Health: -3/11      AC:  2    Str:  7    XL:     1   Next: 75%
Magic:  6/6        EV: 12    Int: 17    God:
Gold:   0          SH:  0    Dex: 15    Spells: 5/6 levels left

rFire   . . .      SeeInvis .     - Unarmed
rCold   . . .      Faith    .   (no shield)
rNeg    . . .      Spirit   .   a - +0 robe
rPois   .          Reflect  .   (helmet currently unavailable)
rElec   .          Harm     .   (no cloak)
rCorr   .          Rampage  .   (no gloves)
Will    .....                   (boots currently unavailable)
Stlth   +.........              (no amulet)
HPRegen 0.03/turn               (no ring)
MPRegen 0.10/turn               (no ring)

@: appendages (expiring)
A: horns 2, talons 2
a: End Transformation


You were on level 1 of the Dungeon.
You had temporarily grown beastly horns and talons.
You visited 1 branch of the dungeon, and saw 1 of its levels.

Inventory:

Armour
 a - a +0 robe (worn)


   Skills:
 - Level 0.7 Fighting
 - Level 2.4 Dodging
 - Level 2.4 Unarmed Combat
 + Level 3.2 Spellcasting
 + Level 2.4 Transmutations
 + Level 0.7 Poison Magic


You had 5 spell levels left.
You knew the following spells:

 Your Spells              Type           Power      Damage    Failure   Level
a - Beastly Appendage     Tmut           22%        N/A       6%          1

Your spell library contained the following spells:

 Spells                   Type           Power      Damage    Failure   Level
 Wereblood                Tmut           11%        N/A       10%         2
 Spider Form              Tmut/Pois      8%         N/A       26%         3
 Ice Form                 Ice/Tmut       6%         N/A       71%         4


Dungeon Overview and Level Annotations

Branches:
Dungeon (1/15)

Altars:


Innate Abilities, Weirdness & Mutations

You have temporarily grown beastly horns and talons.


Message History

You start resting.
Your transformation is almost over.
You start resting.
Magic restored.
Your horns disappear.
Your talons disappear.
A giant cockroach comes into view.
A giant cockroach is nearby!
You grow a pair of large bovine horns.
Your feet morph into talons.
The giant cockroach closely misses you.
You hit the giant cockroach but do no damage.
Your kick misses the giant cockroach. You headbutt the giant cockroach.
You kill the giant cockroach!
No target in view!
No target in view!
Found an escape hatch in the floor.
Your transformation is almost over.
A kobold and an endoplasm come into view.
Your horns disappear.
Your talons disappear.
There are monsters nearby!
You grow a pair of large bovine horns.
Your feet morph into talons.
The endoplasm freezes you.
You are frozen.
You hit the endoplasm but do no damage. The endoplasm freezes you.
You are frozen.
You are too injured to fight recklessly!
Your transformation is almost over.
You are too injured to fight recklessly!
You hit the endoplasm. You claw the endoplasm.
You punch the endoplasm, but do no damage.
The endoplasm is almost dead.
The endoplasm freezes you.
You are frozen.
* * * LOW HITPOINT WARNING * * *
You hit the endoplasm but do no damage. You headbutt the endoplasm.
You kill the endoplasm!
You hit the kobold.
The kobold is moderately wounded.
The kobold hits you with a +0 short sword.
You die...

#.##...#.######.#..##.#
#.#..#.#.#.........##..
#.#.##...#.####.##.##.#
#........#.#.....#.##..
#.#.##...#.#.##..#)##.#
#.#K##.#.#.#.##..#.....
#.#.##.......##..####.#
#.#.####†#.####..# #.#
#.#..K@..#... .... ..#
#.######.######..######
#.# #.# ..#..... #.#
#.. #.#### #.. #.# # #.
#.# # #.#### #.....
######


You could see a kobold.

Vanquished Creatures
  A dart slug (D:1)
  An endoplasm (D:1)
  A giant cockroach (D:1)
  A bat (D:1)
4 creatures vanquished.

Notes
Turn   | Place    | Note
-------+----------+-------------------------------------------
     0 | D:1      | sanka the Deep Elf Transmuter began the quest for the Orb.
     0 | D:1      | Reached XP level 1. HP: 11/11 MP: 6/6
   154 | D:1      | Slain by a kobold

Illustrated notes

Levels and vault maps discovered:
D:1:      lemuel_arrival_room, layout_basic,
          shapermc_ecumenical_altar_notcrosses, corexii_item_surrounded_by_moat

Action                   || total
-------------------------++-------
Melee: Unarmed           ||    10
       Headbutt          ||     3
       Kick              ||     2
       Punch             ||     1
 Cast: Beastly Appendage ||     4
Armor: Robe              ||     1
Dodge: Dodged            ||    10
